 Dungeon Crawl Stone Soup version 0.28-a0-938-gbc3f381ebc (webtiles) character file.

Game seed: 9962487622006174290

60 greenreed the Magician (level 4, -1/31 HPs)
             Began as a Djinni Ice Elementalist on Nov 28, 2021.
             Slain by a quokka (2 damage)
             ... on level 2 of the Dungeon.
             The game lasted 00:04:07 (1824 turns).

greenreed the Magician (Djinni Ice Elementalist)    Turns: 1824, Time: 00:04:07

Health: -1/31      AC:  2    Str:  7    XL:     4   Next: 24%
Gold:   33         EV: 13    Int: 17    God:
                   SH:  0    Dex: 20

rFire   + + .      SeeInvis .   (no weapon)
rCold   x . .      Faith    .   (no shield)
rNeg    . . .      Spirit   .   a - +0 robe
rPois   ∞          Reflect  .   (no helmet)
rElec   .          Harm     .   (no cloak)
rCorr   .          Rampage  .   (no gloves)
Will    .....                   (boots unavailable)
Stlth   ++........              (no amulet)
HPRegen 0.10/turn               g - +6 ring of dexterity
MPRegen 0.00/turn               (no ring)

@: flying
A: sickness immunity, fire resistance 2, cold vulnerability 1, float, innate
caster, hp casting, extra vitality 1
a: no special abilities


You were on level 2 of the Dungeon.
You visited 1 branch of the dungeon, and saw 2 of its levels.

You collected 33 gold pieces.

Inventory:

Missiles
 j - 4 stones
Armour
 a - a +0 robe (worn)
Jewellery
 g - a +6 ring of dexterity (left hand)
Scrolls
 b - a scroll of teleportation {unknown}
 d - a scroll of torment {unknown}
 f - 2 scrolls of fog {unknown}
 h - a scroll of amnesia {unknown}
Potions
 c - a potion of ambrosia {unknown}
 e - a potion of might {unknown}
 i - a potion of curing {unknown}


   Skills:
 + Level 2.2 Dodging
 + Level 1.5 Stealth
 * Level 4.3 Spellcasting


You couldn't memorise any spells.
You knew the following spells:

 Your Spells              Type           Power      Damage    Failure   Level
a - Freeze                Ice            72%        1d9       2%          1
b - Frozen Ramparts       Ice            36%        1d5       8%          3
c - Ozocubu's Armour      Ice            18%        N/A       8%          3
d - Hailstorm             Conj/Ice       18%        3d6       26%         4
e - Shock                 Conj/Air       72%        1d7       2%          1
Your spell library was empty.

Dungeon Overview and Level Annotations

Branches:
Dungeon (2/15)

Altars:

Shops:
D:1 [


Innate Abilities, Weirdness & Mutations

You are immune to sickness and miasma.
You are immune to poison.
Your flesh is very heat resistant. (rF++)
You are vulnerable to cold. (rC-)
You float through the air rather than walking.
You learn spells naturally, not from books.
Your magical power is your life essence.
You have superior vitality. (+4 HP)


Message History

Aiming: Freeze (safe; 2% risk of failure)
Press: ? - help, Shift-Dir - straight line, f - gnoll
Aim: a gnoll, wielding a +0 club You freeze the gnoll.
The gnoll is heavily wounded.
The gnoll barely misses you.
Casting: Freeze (safe; 2% risk of failure)
Confirm with . or Enter, or press ? or * to list all spells.
Aiming: Freeze (safe; 2% risk of failure)
Press: ? - help, Shift-Dir - straight line, f/p - gnoll
Aim: a gnoll, wielding a +0 club (heavily wounded)
You freeze the gnoll.
The gnoll is almost dead.
The gnoll hits you with a +0 club!
Casting: Freeze (safe; 2% risk of failure)
Confirm with . or Enter, or press ? or * to list all spells.
Aiming: Freeze (safe; 2% risk of failure)
Press: ? - help, Shift-Dir - straight line, f/p - gnoll
Aim: a gnoll, wielding a +0 club (almost dead)
You freeze the gnoll.
You kill the gnoll!
Casting: Freeze (safe; 2% risk of failure)
Confirm with . or Enter, or press ? or * to list all spells.
Aiming: Freeze (safe; 2% risk of failure)
Press: ? - help, Shift-Dir - straight line, f - quokka
Aim: a quokka You freeze the quokka.
The quokka is almost dead.
* * * LOW HITPOINT WARNING * * *
The quokka barely misses you. The quokka bites you.
* * * LOW HITPOINT WARNING * * *
The quokka bites you.
* * * LOW HITPOINT WARNING * * *
Casting: Freeze (safe; 2% risk of failure)
Confirm with . or Enter, or press ? or * to list all spells.
Okay, then.
You closely miss the quokka.
The quokka is almost dead.
The quokka bites you.
You die...

###.####†# #......#
#...)))###### #.####.#
#...#.......##. #.####.###
#.#.#.)##...... #.#)......
#.#.......#.## #.#.##.###
...........#.# #......#
#.####.#...#.# ###.####
#......#..r#.# #.#
###.....@.# #.# ###>..###
###.##### #...# #...#...##
#####...########.##....).
.................#.#.......
.................#.#.......
.................#.#.......
#######...#####.##.##....†.
#...# #.##.###...##


You could see a quokka.

Vanquished Creatures
  3 gnolls (D:2)
  A worm (D:2)
  4 ball pythons
  An endoplasm (D:2)
  3 giant cockroaches
  2 hobgoblins
  3 quokkas
  3 bats
  3 frilled lizards
  2 goblins (D:2)
  4 kobolds
  A rat (D:2)
30 creatures vanquished.

Notes
Turn   | Place    | Note
-------+----------+-------------------------------------------
     0 | D:1      | greenreed the Djinni Ice Elementalist began the quest for
                  | the Orb.
     0 | D:1      | Reached XP level 1. HP: 15/15 MP: 0/0
    27 | D:1      | Found Visaeram's Armour Boutique.
   240 | D:1      | Reached XP level 2. HP: 21/21 MP: 0/0
  1194 | D:2      | Reached XP level 3. HP: 24/25 MP: 0/0
  1194 | D:2      | Learned a level 1 spell: Shock
  1586 | D:2      | Reached skill level 4 in Spellcasting
  1807 | D:2      | Reached XP level 4. HP: 19/31 MP: 0/0
  1823 | D:2      | HP: 1/31 [quokka (5)]
  1824 | D:2      | Slain by a quokka

Illustrated notes

Levels and vault maps discovered:
D:1:      zaba_arrival_water, layout_basic, serial_shops, shop,
          minmay_misc_feat_room
D:2:      layout_loops_cross

Skill      XL: |  1  2  3 |
---------------+----------+-----
Spellcasting   | 4 |  4.3
Dodging        | |  2.2
Stealth        | |  1.5

Action                   |  1- 3 |  4- 6 || total
-------------------------+-------+-------++-------
Melee: Unarmed           |     2 |     1 ||     3
 Cast: Freeze            |    53 |     4 ||    57
Armor: Robe              |     5 |       ||     5
Dodge: Dodged            |    19 |     2 ||    21

Table legend: (Time is in decaauts)
 A = Elapsed time spent in this place.
 B = Non-inter-level travel time spent in this place.
 C = Inter-level travel time spent in this place.
 D = Time resting spent in this place.
 E = Time spent auto-exploring this place.
 F = Levels seen in this place.
 G = Mean time per level.
                   A        B        C        D        E       F      G
               +--------+--------+--------+--------+--------+-----+--------+
         Total |   1823 |   1775 |     48 |    138 |   1433 |   2 |  911.5 |
       Dungeon |   1823 |   1775 |     48 |    138 |   1433 |   2 |  911.5 |
               +--------+--------+--------+--------+--------+-----+--------+

Top non-repeatable levels by time:
     D:2: 966 daAuts
     D:1: 857 daAuts
